 Dungeon Crawl Stone Soup version 0.24.0-125-gc4c63601f3 (webtiles) character file.

Game seed: 5635061650220841005, levelgen mode: deterministic

5 Amplified the Magician (level 1, -1/16 HPs)
             Began as a Mummy Warper on Feb 29, 2020.
             Slain by a leopard gecko (4 damage)
             ... on level 1 of the Dungeon.
             The game lasted 00:00:22 (290 turns).

Amplified the Magician (Mummy Warper)                Turns: 290, Time: 00:00:23

Health: -1/16      AC:  3    Str: 14    XL:     1   Next: 66%
Magic:  4/4        EV: 11    Int: 12    God:
Gold:   0          SH:  0    Dex: 11    Spells: 5/5 levels left

rFire    x . .     SeeInvis .   a - +0 mace
rCold    + . .     Gourm    .   (no shield)
rNeg     + + +     Faith    .   b - +0 leather armour
rPois    ∞         Spirit   .   (no helmet)
rElec    .         Reflect  .   (no cloak)
rCorr    .         Harm     .   (no gloves)
MR       .....                  (no boots)
Stlth    +.........             (no amulet)
HPRegen  0.05/turn              (no ring)
MPRegen  0.09/turn              (no ring)

@: no status effects
A: no food or potions, fire vulnerability, cold resistance 1, negative energy
resistance 3, torment resistance, unbreathing
a: no special abilities


You were on level 1 of the Dungeon.
You were not hungry.

You visited 1 branch of the dungeon, and saw 1 of its levels.

Inventory:

Hand Weapons
 a - a +0 mace (weapon)
Missiles
 e - 2 boomerangs of dispersal (quivered)
Armour
 b - a +0 leather armour (worn)
Scrolls
 d - a scroll of blinking


   Skills:
 * Level 2.1 Fighting
 * Level 1.7 Maces & Flails
 - Level 0.7 Throwing
 * Level 1.0 Armour
 - Level 1.5 Dodging
 * Level 2.9 Spellcasting
   Level 2.4 Translocations


You had 5 spell levels left.
You didn't know any spells.
Your spell library contained the following spells:

 Spells                   Type           Power        Failure   Level  Hunger
 Blink                    Tloc           N/A          17%         2    N/A
 Shroud of Golubria       Chrm/Tloc      #.....       28%         2    N/A
 Gell's Gravitas          Tloc           #.........   34%         3    N/A
 Lesser Beckoning         Tloc           #.........   34%         3    N/A
 Teleport Other           Tloc           #.......     34%         3    N/A
 Passage of Golubria      Tloc           N/A          75%         4    N/A

Dungeon Overview and Level Annotations

Branches:
Dungeon (1/15)

Altars:


Innate Abilities, Weirdness & Mutations

You do not eat or drink.
Your flesh is vulnerable to fire.
You are immune to poison.
Your flesh is cold resistant. (rC+)
You are immune to negative energy. (rN+++)
You are immune to unholy pain and torment.
You can survive without breathing.


Message History

You miss the leopard gecko. The leopard gecko barely misses you.
The leopard gecko bites you.
You closely miss the leopard gecko. The leopard gecko bites you.
You miss the leopard gecko. The leopard gecko closely misses you.
The leopard gecko barely misses you.
Throwing (i - inventory)
e - 4 boomerangs of dispersal (quivered)
Press: ? - help, Shift-Dir - straight line, f/p - leopard gecko
Aim: a leopard gecko You throw a boomerang of dispersal.
The boomerang of dispersal misses the leopard gecko.
The leopard gecko bites you. The leopard gecko closely misses you.
You closely miss the leopard gecko. The leopard gecko bites you.
* * * LOW HITPOINT WARNING * * *
Throwing (i - inventory)
e - 3 boomerangs of dispersal (quivered)
Press: ? - help, Shift-Dir - straight line, f/p - leopard gecko
Aim: a leopard gecko You throw a boomerang of dispersal.
The boomerang of dispersal closely misses the leopard gecko.
The leopard gecko bites you.
You die...

#####.#
.....#
#####....#
#...# ...#
###.⌠.###..#
#.......#..#
+!⌠.<.⌠.'..#
#.......#).#
###.⌠.###@.#
#...#..l.#
#####....#
(......
#........
...####....
##.) .....
#. ......


You could see a leopard gecko.

Vanquished Creatures
  An ooze (D:1)
  A goblin (D:1)
2 creatures vanquished.

Notes
Turn   | Place    | Note
-------+----------+-------------------------------------------
     0 | D:1      | Amplified the Mummy Warper began the quest for the Orb.
     0 | D:1      | Reached XP level 1. HP: 16/16 MP: 4/4
    14 | D:1      | Reached skill level 1 in Armour
   290 | D:1      | Slain by a leopard gecko

Levels and vault maps discovered:
D:1:      dpeg_arrival_simpleton_c, layout_basic

Skill      XL: |  1 |
---------------+----+-----
Armour         | 1 |  1.0
Fighting       | |  2.1
Maces & Flails | |  1.7
Throwing       | |  0.7
Dodging        | |  1.5
Spellcasting   | |  2.9
Translocations | |  2.4

Action                   || total
-------------------------++-------
Melee: Mace              ||    15
Throw: Boomerang         ||     3
Armor: Leather armour    ||     1
Dodge: Dodged            ||    11
